 Dungeon Crawl Stone Soup version 0.30-a0-292-g0f741e3f8e (webtiles) character file.

Game seed: 17771073654064857975

6829 NinjaNoafa the Grappler (level 10, -21/91 HPs)
             Began as a Troll Monk on Oct 14, 2022.
             Was a Priest of Hepliaklqana.
             Demolished by a two-headed ogre
             ... wielding a +0 giant club
              (33 damage)
             ... on level 9 of the Dungeon on Oct 17, 2022.
             The game lasted 00:18:12 (7087 turns).

NinjaNoafa the Grappler (Troll Monk)                Turns: 7087, Time: 00:18:13

Health: -21/91     AC:  7    Str: 25    XL:     10   Next: 77%
Magic:  14/14      EV:  9    Int:  6    God:    Hepliaklqana [***...]
Gold:   425        SH:  6    Dex: 12    Spells: 9/9 levels left

rFire   . . .      SeeInvis .      - Unarmed
rCold   . . .      Faith    +    e - +0 kite shield
rNeg    . . .      Spirit   .    K - +0 steam dragon scales
rPois   .          Reflect  .    (helmet restricted)
rElec   .          Harm     .    (no cloak)
rCorr   .          Rampage  .    (gloves unavailable)
Will    .....                    (boots unavailable)
Stlth   ++........               l - amulet of faith
HPRegen 1.15/turn                (no ring)
MPRegen 0.14/turn                (no ring)

@: no status effects
A: reduced essence, large, unfitting armour, claws 3, regeneration 1, shaggy fur
1, tough skin 1
a: Renounce Religion, Recall Ancestor, Ancestor Identity, Transference


You were on level 9 of the Dungeon.
You worshipped Hepliaklqana.
Hepliaklqana was most pleased with you.
You visited 2 branches of the dungeon, and saw 10 of its levels.

You collected 425 gold pieces.

Inventory:

Missiles
 a - 5 silver boomerangs (quivered)
 c - 2 boomerangs of dispersal
 g - 24 poisoned darts
 i - 148 stones
 I - 4 boomerangs
 N - 9 curare-tipped darts
Armour
 e - a +0 kite shield (worn)
 K - +0 steam dragon scales (worn)
Jewellery
 l - an amulet of faith (around neck)
 M - a ring of fire
Wands
 t - a wand of polymorph (11)
 y - a wand of charming (12)
 z - a wand of flame (71)
 A - a wand of light (9)
Scrolls
 f - a scroll of fear
 h - a scroll of acquirement {unknown}
 n - 4 scrolls of enchant armour {unknown}
 p - a scroll of butterflies {unknown}
 r - 2 scrolls of blinking {unknown}
 u - a scroll of vulnerability {unknown}
 E - 2 scrolls of poison {unknown}
 F - a scroll of torment {unknown}
 G - 3 scrolls of immolation {unknown}
 H - a scroll of magic mapping {unknown}
 J - 2 scrolls of identify
 L - a scroll of enchant weapon {unknown}
 O - a scroll of noise {unknown}
 Q - 2 scrolls of teleportation {unknown}
Potions
 b - a potion of ambrosia
 d - a potion of flight
 j - 3 potions of might
 k - 5 potions of curing
 m - 3 potions of berserk rage
 o - 3 potions of attraction
 q - 2 potions of brilliance
 s - a potion of degeneration
 w - a potion of magic
 x - 3 potions of heal wounds {unknown}
 B - a potion of resistance {unknown}
 C - 3 potions of lignification
 D - 2 potions of mutation {unknown}


   Skills:
 - Level 7.0 Fighting
 - Level 3.0 Armour
 - Level 3.0 Dodging
 - Level 1.0 Stealth
 + Level 0.0 Shields
 - Level 11.0 Unarmed Combat
 - Level 7.0 Invocations
 + Level 3.7 Evocations


You had 9 spell levels left.
You didn't know any spells.
Your spell library contained the following spells:

 Spells                   Type           Power      Damage    Failure   Level
 Freeze                   Ice            0%         1d3       80%         1
 Sting                    Tmut/Pois      0%         1d3       80%         1
 Poisonous Vapours        Pois/Air       0%         N/A       90%         2
 Frozen Ramparts          Ice            0%         1d1       99%         3
 Gell's Gravitas          Tloc           0%         N/A       99%         3
 Hailstorm                Conj/Ice       0%         3d3       99%         3
 Kindle Blastsparks       Fire/Tloc/Air  0%         2d10      99%         3
 Mephitic Cloud           Conj/Pois/Air  0%         N/A       99%         3
 Teleport Other           Tloc           0%         N/A       99%         3
 Olgreb's Toxic Radiance  Pois           0%         N/A       100%        4
 Conjure Ball Lightning   Conj/Air       0%         3x3d6     100%        6
 Dispersal                Tloc           0%         N/A       100%        6


Dungeon Overview and Level Annotations

Branches:
Dungeon (9/15)             Temple (1/1) D:4            Lair (0/5) D:8
    Orc: D:9-12

Altars:
Ashenzari
Cheibriados
Dithmenos
Elyvilon
Fedhas
Gozag
Hepliaklqana
Kikubaaqudgha
Makhleb
Nemelex Xobeh
Okawaru
Qazlal
Ru
Sif Muna
Trog
Uskayaw
Vehumet
Wu Jian
Xom
Yredelemnul
Zin
The Shining One

Annotations:
D:5 1 runed translucent door, Monkooky's ghost, amateur DgRe


Innate Abilities, Weirdness & Mutations

Your life essence is reduced to manifest your ancestor. (-10% HP)
You are too large for most types of armour.
You have claws for hands.
Your natural rate of healing is unusually fast.
You are covered in fur. (AC +1)
You have tough skin. (AC +1)


Message History

The two-headed ogre hits you with a +0 giant club!
You block the two-headed ogre's attack.
You mangle the two-headed ogre!!
The two-headed ogre is heavily wounded.
Buster Scruggs gestures at the two-headed ogre while chanting.
The two-headed ogre easily resists.
You claw the two-headed ogre!
The two-headed ogre is severely wounded.
The two-headed ogre hits you with a +0 giant club!! x2
* * * LOW HITPOINT WARNING * * *
You swap places.
Buster Scruggs barely misses the two-headed ogre.
Buster Scruggs closely misses the two-headed ogre.
The two-headed ogre hits Buster Scruggs with a +0 giant club!! x2
Buster Scruggs is destroyed!
You are too injured to fight recklessly!
Throw: 3 javelins
Press: ? - help, Q - select action, (/) - cycle Shift-Dir - straight line, f - two-headed ogre
Aim: a two-headed ogre, wielding two +0 giant clubs (severely wounded, 75% to hit)
You throw a javelin.
The javelin pierces through the two-headed ogre but does no damage.
The two-headed ogre is severely wounded.
The two-headed ogre attacks as you move away!
You block the two-headed ogre's attack.
The two-headed ogre hits you with a +0 giant club!!
* * * LOW HITPOINT WARNING * * *
Throw: 2 javelins
Press: ? - help, Q - select action, (/) - cycle Shift-Dir - straight line, f/p - two-headed ogre
Aim: a two-headed ogre, wielding two +0 giant clubs (severely wounded, 75% to hit)
You throw a javelin.
The javelin pierces through the two-headed ogre!
The two-headed ogre is almost dead.
You block the two-headed ogre's attack. x2
Throw: javelin
Press: ? - help, Q - select action, (/) - cycle Shift-Dir - straight line, f/p - two-headed ogre
Aim: a two-headed ogre, wielding two +0 giant clubs (almost dead, 75% to hit)
You throw a javelin.
The javelin barely misses the two-headed ogre.
The two-headed ogre hits you with a +0 giant club!!
You die...

#.# #+####.# ....##.#
....##.# ....##.##########
....##.#........#
....##.#.######.############
.....))).÷.)<÷).@O.....(((>#
.........###'##+##########.#
.........##.......#
.###.....##.......#
.##.......+.......#
.........##.......#
..#..######.......# ..##.#
...##+### ..##.# ...+


You could see a two-headed ogre.

Vanquished Creatures
  A two-headed ogre (D:8)
  A troll (D:9)
  Grinder (D:3)
  5 yaks (D:9)
  A human (D:7)
  A steam dragon (D:8)
  4 water moccasins
  A black bear (D:4)
  2 ice beasts (D:8)
  4 sky beasts
  2 orc warriors
  2 ogres
  3 centaurs
  4 phantoms
  A kobold brigand (D:9)
  3 bullfrogs
  A gnoll sergeant (D:5)
  A scorpion (D:6)
  2 wights (D:8)
  8 killer bees
  A howler monkey (D:8)
  A bullfrog zombie (D:4)
  2 jellies
  2 hounds (D:5)
  5 orc priests
  3 iguanas
  7 orc wizards
  Jessica (D:2)
  A scorpion zombie (D:4)
  Ijyb (D:5)
  A hound zombie (D:4)
  A mummy (D:6)
  A howler monkey zombie (D:4)
  7 gnolls
  8 adders
  A white imp (D:6)
  An ufetubus (D:4)
  3 adder zombies (D:4)
  2 worms (D:2)
  A dart slug (D:2)
  27 orcs
  5 ball pythons
  2 bats (D:1)
  9 endoplasms
  2 giant cockroaches
  6 goblins
  8 hobgoblins
  8 jackals (D:1)
  17 kobolds
  A quokka (D:4)
  2 frilled lizards
  A goblin skeleton (D:7)
  A jackal zombie (D:7)
  3 rats
190 creatures vanquished.

Vanquished Creatures (collateral kills)
  Maggie (D:7)
  A water moccasin (D:8)
  A sky beast (D:8)
  An orc warrior (D:8)
  A kobold brigand (D:9)
  A bullfrog (D:6)
  A necrophage (D:6)
  2 killer bees (D:9)
  A howler monkey (D:8)
  A jelly (D:8)
  2 orc priests
  2 iguanas (D:6)
  2 orc wizards (D:6)
  2 gnolls (D:5)
  A white imp (D:7)
  10 orcs
  4 goblins (D:7)
  3 kobolds (D:9)
37 creatures vanquished.

Vanquished Creatures (others)
  3 hexers
3 creatures vanquished.

Grand Total: 230 creatures vanquished

Notes
Turn   | Place    | Note
-------+----------+-------------------------------------------
     0 | D:1      | NinjaNoafa the Troll Monk began the quest for the Orb.
     0 | D:1      | Reached XP level 1. HP: 22/22 MP: 0/0
   171 | D:1      | Reached XP level 2. HP: 29/29 MP: 1/1
   478 | D:1      | Reached skill level 4 in Unarmed Combat
   787 | D:1      | Reached XP level 3. HP: 36/36 MP: 2/2
   840 | D:2      | Found a hazy altar of Hepliaklqana.
   963 | D:2      | Noticed Jessica
   977 | D:2      | Killed Jessica
  1144 | D:2      | Reached XP level 4. HP: 44/44 MP: 3/3
  1193 | D:2      | Reached skill level 5 in Unarmed Combat
  1632 | D:2      | Upgraded the game from 0.30-a0-269-gf0224bf7b6 to
                  | 0.30-a0-279-g4b46babb21
  1927 | D:3      | Found a faded altar of an unknown god.
  2007 | D:3      | Found a shadowy altar of Dithmenos.
  2210 | D:3      | Noticed Grinder
  2216 | D:3      | Paralysed by Grinder for 4 turns
  2231 | D:3      | Killed Grinder
  2232 | D:3      | Reached skill level 7 in Unarmed Combat
  2232 | D:3      | Reached XP level 5. HP: 29/50 MP: 4/4
  2232 | D:3      | Reached XP level 6. HP: 34/59 MP: 5/5
  2684 | D:4      | Reached skill level 8 in Unarmed Combat
  2755 | D:4      | Reached XP level 7. HP: 65/66 MP: 6/6
  2814 | D:4      | Reached skill level 9 in Unarmed Combat
  2955 | D:4      | Reached skill level 1 in Armour
  2958 | D:4      | Found a staircase to the Ecumenical Temple.
  3215 | Temple   | Entered the Ecumenical Temple
  3304 | Temple   | Became a worshipper of Hepliaklqana the Forgotten
  3304 | Temple   | Reached * piety under Hepliaklqana
  3304 | Temple   | Reached ** piety under Hepliaklqana
  3311 | Temple   | Remembered your ancestor Buster Scruggs as a hexer
  3371 | D:4      | Identified the +4 ring mail "Biulug" {rPois rC+ rN++}
  3395 | D:5      | Entered Level 5 of the Dungeon
  3412 | D:5      | Reached XP level 8. HP: 66/67 MP: 7/7
  3454 | D:5      | Found a burning altar of Makhleb.
  3454 | D:5      | Noticed a blizzard demon
  3566 | D:5      | Reached skill level 1 in Invocations
  3662 | D:5      | Found a blossoming altar of Fedhas.
  3758 | D:5      | Found a broken altar of Ashenzari.
  3759 | D:5      | Noticed Ijyb
  3764 | D:5      | Killed Ijyb
  3878 | D:5      | Found a runed translucent door.
  3878 | D:5      | Noticed Monkooky's ghost (amateur DgRe)
  3905 | D:5      | Found a sparkling altar of Nemelex Xobeh.
  4502 | D:6      | Reached skill level 5 in Invocations
  4730 | D:6      | Reached XP level 9. HP: 63/72 MP: 12/12
  4775 | D:6      | Found a snail-covered altar of Cheibriados.
  4778 | D:6      | Reached *** piety under Hepliaklqana
  4879 | D:6      | Found a hide-covered altar of Uskayaw.
  4966 | D:6      | Upgraded the game from 0.30-a0-279-g4b46babb21 to
                  | 0.30-a0-292-g0f741e3f8e
  5055 | D:7      | Found a runed translucent door.
  5062 | D:7      | Found a basalt altar of Yredelemnul.
  5120 | D:7      | Noticed Maggie
  5129 | D:7      | Killed Maggie
  5136 | D:7      | Found a flagged portal.
  5196 | D:7      | Found a glowing golden altar of the Shining One.
  5247 | D:7      | Reached skill level 5 in Fighting
  5827 | D:7      | Found an iron altar of Okawaru.
  5986 | D:8      | Found a glowing silver altar of Zin.
  5990 | D:8      | Found a shimmering altar of Xom.
  5994 | D:8      | Found a sacrificial altar of Ru.
  5999 | D:8      | Found a bloodstained altar of Trog.
  6015 | D:8      | Found a shimmering blue altar of Sif Muna.
  6075 | D:8      | Got Sif Muna's Textbook on Air
  6090 | D:8      | Reached **** piety under Hepliaklqana
  6146 | D:8      | Noticed a two-headed ogre
  6153 | D:8      | Killed a two-headed ogre
  6154 | D:8      | Reached XP level 10. HP: 90/90 MP: 14/14
  6287 | D:8      | Found a staircase to the Lair.
  6387 | D:8      | Reached skill level 10 in Unarmed Combat
  6602 | D:8      | Identified the amulet of Tizaty {Acrobat Harm SInv}
  6716 | D:9      | Reached skill level 11 in Unarmed Combat
  6724 | D:9      | Reached skill level 1 in Evocations
  7074 | D:9      | Noticed a two-headed ogre
  7087 | D:9      | Demolished by a two-headed ogre

Illustrated notes

Levels and vault maps discovered:
D:1:      dpeg_arrival_lava_temple_mockup, layout_basic
D:2:      layout_loops_ring, basic_altar, kennysheep_path_1,
          serial_bayou_lagoon_a, uniq_jessica
D:3:      layout_basic, general_overflow_altar,
          shapermc_ecumenical_altar_totnotflames, kennysheep_generic_room_2,
          uniq_grinder
D:4:      layout_rooms, minmay_temple_entry_antechambers, serial_undead,
          serial_undead_f, serial_undead_f, serial_undead_a, serial_undead_e,
          item_on_display_a
D:5:      layout_cave_pods, mainiacjoe_overflow_tiny_flanked,
          makhleb_altar_promises_db, mainiacjoe_overflow_24_doors,
          nemelex_diamond_rough_becter, gammafunk_ghost_grave, uniq_ijyb
D:6:      layout_cave_pools, slow_altar_1, nicolae_uskayaw_suspiria
D:7:      layout_basic, okawaru_altar_gauntlet_db, mainiacjoe_overflow_paths,
          dk_yredelemnul_ordeal, lightli_bailey_entry_fortress, nrook_uturn,
          uniq_maggie
D:8:      layout_gridville, nicolae_overflow_hallway_of_the_gods,
          lair_entry_dummy, minmay_joined_circles
D:9:      layout_basic, grunt_ministairs_6, serial_bayou_pond_d
Temple:   hellmonk_temple_two_chambers

Skill      XL: |  1  2  3  4  5  6  7  8  9 10 |
---------------+-------------------------------+-----
Unarmed Combat | 4 7 8 9 11 | 11.0
Fighting       | 3 6 7 |  7.0
Armour         | 1 3 |  3.0
Dodging        | 3 |  3.0
Invocations    | 5 7 |  7.0
Evocations     | 3 |  3.7
Stealth        | |  1.0

Action                   |  1- 3 |  4- 6 |  7- 9 | 10-12 || total
-------------------------+-------+-------+-------+-------++-------
Melee: Unarmed           |    79 |    63 |   228 |    74 ||   444
       Punch             |     1 |       |       |       ||     1
Throw: Dart              |       |       |     5 |       ||     5
       Javelin           |       |       |    11 |    22 ||    33
       Boomerang         |       |       |       |     5 ||     5
Invok: Ancestor Life: He |       |       |     1 |       ||     1
       Ancestor Identity |       |       |     1 |       ||     1
       Recall Ancestor   |       |       |       |     1 ||     1
Evoke: Wand              |       |       |       |     3 ||     3
  Use: Potion            |       |       |     2 |       ||     2
       Scroll            |       |       |     8 |       ||     8
 Stab: Sleeping          |     4 |       |       |       ||     4
       Confused          |       |       |     5 |     2 ||     7
       Distracted        |       |       |     3 |     1 ||     4
Armor: Robe              |    45 |    16 |    30 |       ||    91
       Skin              |       |       |    23 |       ||    23
       Steam dragon scal |       |       |    20 |    30 ||    50
Dodge: Dodged            |    59 |    32 |   109 |    52 ||   252
Block: Kite shield       |       |       |       |     4 ||     4

Table legend: (Time is in decaauts)
 A = Elapsed time spent in this place.
 B = Non-inter-level travel time spent in this place.
 C = Inter-level travel time spent in this place.
 D = Time resting spent in this place.
 E = Time spent auto-exploring this place.
 F = Levels seen in this place.
 G = Mean time per level.
                   A        B        C        D        E       F      G
               +--------+--------+--------+--------+--------+-----+--------+
         Total |   7047 |   6668 |    379 |      0 |   5087 |  10 |  704.7 |
       Dungeon |   6943 |   6569 |    374 |      0 |   5078 |   9 |  771.4 |
        Temple |    103 |     98 |      5 |      0 |      9 |   1 |  103.0 |
               +--------+--------+--------+--------+--------+-----+--------+

Top non-repeatable levels by time:
     D:3: 967 daAuts
     D:5: 945 daAuts
     D:7: 922 daAuts
     D:8: 899 daAuts
     D:2: 836 daAuts
     D:1: 815 daAuts
     D:4: 649 daAuts
     D:6: 634 daAuts
     D:9: 274 daAuts
  Temple: 103 daAuts
